AoeStats
← Dashimir

Pilgrims

507869326Analyzed
4v4 RM · 13d ago on Sep 20, 2026· 20m 27s· 8 players
Game mode
Random Map
Map size
Large (8 player)
Population
200
Speed
Normal
Resources
Standard
Victory
Conquest
Starting age
Dark Age
Ending age
Imperial Age
RankedLock teamsTeams togetherTeam positionsShared explorationLock speedFull tech treeHidden civsTurbo modeCheats
Victory
Defeat
🇺🇸 Armenians · United States
1474
+16
🇨🇴 Berbers · Colombia
1428
+18
🇵🇪 Japanese · Peru
1416
+19
🇨🇦 Khmer · Canada
1388
+20
🇨🇱 Huns · Chile
1553
-20
🇹🇷 Vikings · Türkiye
1540
-21
🇲🇽 Sicilians · Mexico
1536
-21
🇧🇷 Sicilians · Brazil
1283
-11
The Bloody-Nine
11:22 Feudal Age
14:56 Castle Age
13:23 Double-Bit Axe
13:48 Horse Collar
13:52 Fishing Lines
15:23 Scale Mail Armor
15:53 Medium Warships
16:04 Bow Saw
17:47 Chain Mail Armor
17:57 Sanctity
19:24 Forging
Jokerface
7:19 Loom
12:38 Feudal Age
15:44 Castle Age
16:41 Light Cavalry
Sebastianquijanog
8:16 Loom
10:22 Feudal Age
15:13 Castle Age
13:58 Double-Bit Axe
13:56 Horse Collar
15:51 Fishing Lines
16:40 Gillnets
16:52 Fletching
17:48 Bodkin Arrow
20:09 Padded Archer Armor
20:23 Bow Saw
20:14 Heavy Plow
Manuel24
4:58 Loom
14:13 Feudal Age
15:03 Double-Bit Axe
15:06 Fishing Lines
17:00 Gold Mining
21:18 Wheelbarrow
miki_bb /VL/
5:58 Loom
11:25 Feudal Age
11:57 Town Watch
12:45 Double-Bit Axe
15:49 Castle Age
Dashimir
9:38 Feudal Age
9:03 Loom
15:06 Wheelbarrow
14:33 Horse Collar
17:03 Town Watch
ValerioN__
7:45 Loom
11:31 Feudal Age
12:24 Double-Bit Axe
12:20 Fishing Lines
17:11 Castle Age
15:25 Fletching
15:55 Horse Collar
16:06 Gold Mining
18:02 Bodkin Arrow
[CL] ßitokø × 1876
7:38 Loom
10:16 Feudal Age
16:24 Fletching
Connection lost

Rejoining the realm…

Still unreachable

The connection could not be restored.

Session expired

The server has moved on; the page needs a fresh start.